cohdb
Replays
Latest Replays
All Replays
Popular Replays
Top Player Replays
Match Explorer
How It Works
Community
CoH3 Stats
Reddit
Sign in to upload your games and track your stats! →
Sign in with Steam
Match 40629252
Unlisted
Match 40629252
Overview
Messages
Build Orders
End
Panzergrenadier Squad
250 Light Carrier
Panzergrenadier Squad
Construct Light Support Kompanie
MG34 Team
Panzerjäger Squad
MG34 Team
Construct Mechanized Kompanie
8 Rad Armored Car
2.5-tonne Medical Truck
Panzergrenadier Squad
Panzerpioneer Squad
Construct Panzerarmee Kommand
Selects Italian Infantry
Selects Guastatori Squad
Selects Defensive Operations
Walking Stuka Rocket Launcher
2.5-tonne Medical Truck
Selects Registered Artillery
Apex
killam88
Valdai
Aguram
0
0
Comments
sign in to comment!
No comments posted yet!